 Dungeon Crawl Stone Soup version 0.29.0-4-gdea44cf6ec (webtiles) character file.

Game seed: 9648484860873430727

763 qw the Chopper (level 7, 0/41 HPs)
             Began as a Tengu Warper on Aug 28, 2022.
             Slain by an orc warrior
             ... wielding a +0 trident
              (4 damage)
             ... on level 5 of the Dungeon.
             The game lasted 00:00:32 (5826 turns).

qw the Chopper (Tengu Warper)                       Turns: 5826, Time: 00:00:33

Health: 0/41       AC: 20    Str: 18    XL:     7   Next: 81%
Magic:  11/11      EV:  5    Int: 12    God:
Gold:   302        SH:  9    Dex: 12    Spells: 10/10 levels left

rFire   + . .      SeeInvis .   Y - +1 hand axe (venom)
rCold   . . .      Faith    .   a - +0 kite shield
rNeg    + . .      Spirit   .   c - +6 plate armour {ponderous}
rPois   .          Reflect  .   (helmet restricted)
rElec   .          Harm     .   (no cloak)
rCorr   .          Rampage  .   o - +0 pair of gloves
Will    .....                   (boots unavailable)
Stlth   ..........              f - amulet of the acrobat
HPRegen 0.13/turn               d - ring of protection from fire
MPRegen 0.12/turn               h - ring of positive energy

@: flying quickly and evasively
A: beak, talons 3, nimble flight, iridescent scales 1, strong 1
a: no special abilities


You were on level 5 of the Dungeon.
You visited 1 branch of the dungeon, and saw 5 of its levels.

You collected 302 gold pieces.


Innate Abilities, Weirdness & Mutations

You have a beak for a mouth.
You have claws for feet.
Your magical nature lets you fly swiftly and evasively.
You are partially covered in iridescent scales. (AC +2)
Your muscles are strong. (Str +4, Int/Dex -1)


   Skills:
 - Level 3.0 Fighting
 + Level 7.0 Axes
 - Level 1.0 Throwing
 - Level 3.0 Armour
 - Level 2.1 Dodging
 - Level 4.3 Shields
 - Level 2.0 Spellcasting
 - Level 2.4 Translocations


You had 10 spell levels left.
You didn't know any spells.
Your spell library contained the following spells:

 Spells                   Type           Power      Damage    Failure   Level
 Blink                    Tloc           12%        N/A       100%        2
 Gell's Gravitas          Tloc           6%         N/A       100%        3
 Lesser Beckoning         Tloc           6%         N/A       100%        3
 Teleport Other           Tloc           6%         N/A       100%        3
 Manifold Assault         Tloc           6%         N/A       100%        5

Inventory:

Hand Weapons
 k - a +1 vampiric whip
 Y - a +1 hand axe of venom (weapon)
Armour
 a - a +0 kite shield (worn)
 b - the +1 cloak of the Prince of Darkness {Harm +Inv rF- rC++}
   (You acquired it on level 3 of the Dungeon)

   rF:        It makes you vulnerable to fire.
   rC:        It greatly protects you from cold.
   +Inv:      It lets you turn invisible.
   Harm:      It increases damage dealt and taken.
 c - a +6 plate armour of ponderousness (worn)
 o - a +0 pair of gloves (worn)
Jewellery
 d - a ring of protection from fire (left hand)
 f - an amulet of the acrobat (around neck)
 h - a ring of positive energy (right hand)
Scrolls
 g - a scroll of identify
Potions
 e - a potion of cancellation
 i - a potion of haste
 j - a potion of might
 l - a potion of resistance {unknown}
 m - a potion of heal wounds {unknown}
 q - a potion of flight {unknown}
 r - a potion of mutation
 s - a potion of magic {unknown}
 u - a potion of curing {unknown}

Dungeon Overview and Level Annotations

Branches:
Dungeon (5/15)             Temple (0/1) D:5

Altars:
Qazlal


Message History

The hound bites you but does no damage.
You hit the orc wizard.
The orc wizard looks as sick as possible!
Your kick misses the orc wizard.
The orc wizard is severely wounded.
You hit the hound.
The hound looks even sicker.
The orc wizard gestures at you while chanting.
You resist with some effort. The orc warrior barely misses you.
The hound barely misses you.
You hit the orc wizard. Your kick misses the orc wizard.
Your peck misses the orc wizard.
The orc wizard is almost dead.
You closely miss the hound.
You kill the orc wizard!
You block the hound's attack.
The orc warrior hits you from afar with a +0 trident!
The hound bites you but does no damage. You block the orc warrior's attack.
The ice beast hits you but does no damage.
You barely miss the hound. Your kick misses the hound.
The hound is heavily wounded.
You hit the ice beast but do no damage. The hound bites you but does no damage.
The ice beast hits you but does no damage.
The orc warrior hits you from afar with a +0 trident!
The hound bites you but does no damage.
You hit the hound but do no damage.
The hound looks as sick as possible!
You claw the hound.
You kill the hound!
You hit the ice beast but do no damage. You block the orc warrior's attack.
You block the ice beast's attack.
Your Fighting skill increases to level 3!
You closely miss the ice beast.
The ice beast hits you but does no damage.
The orc warrior hits you but does no damage.
You hit the ice beast but do no damage.
The orc warrior hits you but does no damage.
The ice beast hits you but does no damage.
You closely miss the ice beast.
The orc warrior hits you from afar with a +0 trident.
You die...

.. .. ##.#
.#.. #...
...# h #...
.>. ..
#...##.. .#
#..#..# .. #
#..)).#.#..#
#@Y#...##.
#..o......
#.#####.##
#)#####.##
#........#
#.#####..#
#######.###
..........#
#####.###.##


You could see an orc warrior and an ice beast.

Vanquished Creatures
  2 ogres (D:4)
  A gnoll sergeant (D:3)
  A necrophage (D:5)
  2 hounds (D:5)
  A jelly (D:4)
  An orc priest (D:5)
  2 iguanas
  An orc wizard (D:5)
  12 gnolls
  7 adders
  An ufetubus (D:4)
  3 worms
  4 dart slugs
  2 orcs
  9 endoplasms
  5 giant cockroaches
  11 goblins
  6 hobgoblins
  2 jackals (D:3)
  6 quokkas
  9 ball pythons
  4 bats
  4 frilled lizards
  4 kobolds
  4 rats (D:1)
104 creatures vanquished.

Vanquished Creatures (others)
  A quokka (D:4)
  5 fungi (D:3)
  6 plants (D:3)
12 creatures vanquished.

Grand Total: 116 creatures vanquished

Notes
Turn   | Place    | Note
-------+----------+-------------------------------------------
     0 | D:1      | qw the Tengu Warper began the quest for the Orb.
     0 | D:1      | Reached XP level 1. HP: 12/12 MP: 4/4
     0 | D:1      | 0 ||| qw: Version: 0.1-a-89-g26bdef1
     0 | D:1      | 0 ||| qw: Game counter: 1937
     0 | D:1      | 0 ||| qw: Always use a shield: true
     0 | D:1      | 0 ||| qw: God list: Okawaru
     0 | D:1      | 0 ||| qw: Allow faded altars: false
     0 | D:1      | 0 ||| qw: Do Orc after D:15 true
     0 | D:1      | 0 ||| qw: Do second Lair branch before Depths: true
     0 | D:1      | 0 ||| qw: Lair rune preference: random
     0 | D:1      | 0 ||| qw: Plans: Normal
     0 | D:1      | 0 ||| PLANNING D:1-11
    77 | D:1      | 77 ||| Stepping ~*~*~tactically~*~*~ (stealth).
   116 | D:1      | Reached skill level 3 in Axes
   116 | D:1      | Reached XP level 2. HP: 17/17 MP: 6/6
   451 | D:1      | 451 ||| Stepping ~*~*~tactically~*~*~ (stealth).
   458 | D:1      | 458 ||| Stepping ~*~*~tactically~*~*~ (stealth).
   459 | D:1      | 459 ||| Stepping ~*~*~tactically~*~*~ (stealth).
   474 | D:1      | 474 ||| Stepping ~*~*~tactically~*~*~ (stealth).
   519 | D:1      | 519 ||| Stepping ~*~*~tactically~*~*~ (stealth).
   520 | D:1      | 520 ||| Stepping ~*~*~tactically~*~*~ (hiding).
   551 | D:1      | 551 ||| Stepping ~*~*~tactically~*~*~ (stealth).
   552 | D:1      | 552 ||| Stepping ~*~*~tactically~*~*~ (hiding).
   565 | D:1      | 565 ||| Stepping ~*~*~tactically~*~*~ (hiding).
   609 | D:1      | 609 ||| Stepping ~*~*~tactically~*~*~ (stealth).
   610 | D:1      | 610 ||| Stepping ~*~*~tactically~*~*~ (hiding).
   611 | D:1      | 611 ||| Stepping ~*~*~tactically~*~*~ (stealth).
   612 | D:1      | 612 ||| Stepping ~*~*~tactically~*~*~ (hiding).
   633 | D:1      | 633 ||| Stepping ~*~*~tactically~*~*~ (hiding).
   735 | D:1      | 735 ||| Stepping ~*~*~tactically~*~*~ (hiding).
   837 | D:1      | 837 ||| Stepping ~*~*~tactically~*~*~ (hiding).
   921 | D:1      | 921 ||| Stepping ~*~*~tactically~*~*~ (stealth).
   923 | D:1      | 923 ||| Stepping ~*~*~tactically~*~*~ (hiding).
   928 | D:1      | Reached XP level 3. HP: 21/21 MP: 7/7
  1158 | D:1      | 1158 ||| Stepping ~*~*~tactically~*~*~ (hiding).
  1161 | D:1      | Reached skill level 4 in Axes
  1493 | D:1      | 1493 ||| UPGRADING to +0 ring mail.
  1503 | D:1      | 1503 ||| DROPPING +0 leather armour.
  1504 | D:1      | 1504 ||| UPGRADING to +0 pair of gloves.
  1509 | D:1      | 1509 ||| UPGRADING to ring of protection from fire.
  1510 | D:1      | 1510 ||| UPGRADING to ring of positive energy.
  1511 | D:1      | 1511 ||| READING 5 scrolls labelled BOOLERCH ZEIRU.
  1515 | D:1      | 1515 ||| READING 2 scrolls labelled LUCUDI WUXTAENOF.
  1516 | D:1      | 1516 ||| READING scroll labelled ISYOLL PAFUM.
  1517 | D:1      | 1517 ||| READING 2 scrolls labelled PUAPSU TIST.
  1518 | D:1      | 1518 ||| READING scroll labelled JUAR BUCEYR.
  1519 | D:1      | 1519 ||| READING scroll labelled QIGUDGH YBLE.
  1631 | D:1      | 1631 ||| READING scroll labelled ELUM DIBBITZ.
  1632 | D:1      | 1632 ||| DROPPING scroll of blinking.
  1633 | D:1      | 1633 ||| DROPPING scroll of immolation.
  1634 | D:1      | 1634 ||| READING 4 scrolls of teleportation.
  1789 | D:2      | 1789 ||| DROPPING +0 club.
  1806 | D:2      | 1806 ||| Stepping ~*~*~tactically~*~*~ (hiding).
  1816 | D:2      | Reached XP level 4. HP: 7/26 MP: 8/8
  1816 | D:2      | HP: 4/26 [gnoll/+0 spear (3)]
  1817 | D:2      | 1817 ||| READING 3 scrolls of teleportation.
  2151 | D:2      | Reached skill level 5 in Axes
  2841 | D:2      | 2841 ||| DROPPING +0 whip.
  2849 | D:2      | 2849 ||| Stepping ~*~*~tactically~*~*~ (hiding).
  3046 | D:2      | 3046 ||| SWAPPING to +0 hand axe of venom.
  3047 | D:2      | 3047 ||| DROPPING +0 hand axe.
  3048 | D:2      | 3048 ||| UPGRADING to +6 plate armour of ponderousness.
  3058 | D:2      | 3058 ||| DROPPING +0 ring mail.
  3059 | D:2      | 3059 ||| UPGRADING to amulet of the acrobat.
  3064 | D:2      | 3064 ||| READING 3 scrolls of identify.
  3064 | D:2      | 3064 ||| IDENTIFYING murky golden potion
  3065 | D:2      | 3065 ||| READING 2 scrolls of identify.
  3065 | D:2      | 3065 ||| IDENTIFYING bubbling blue potion
  3079 | D:3      | 3079 ||| Stepping ~*~*~tactically~*~*~ (stealth).
  3081 | D:3      | Noticed a gnoll sergeant
  3082 | D:3      | 3082 ||| STAIRDANCE
  3089 | D:2      | Gained mutation: Your magical nature lets you fly swiftly
                  | and evasively. [Tengu growth]
  3089 | D:2      | Reached XP level 5. HP: 30/30 MP: 9/9
  3091 | D:2      | 3091 ||| DROPPING +3 whip.
  3095 | D:3      | 3095 ||| STAIRDANCE
  3223 | D:2      | 3223 ||| DROPPING +0 flail.
  3227 | D:3      | 3227 ||| STAIRDANCE
  3232 | D:3      | 3232 ||| STAIRDANCE
  3243 | D:3      | HP: 4/30 [gnoll sergeant/+0 spear (5)]
  3244 | D:3      | 3244 ||| READING 3 scrolls of teleportation.
  3247 | D:3      | 3247 ||| READING 2 scrolls of teleportation.
  3252 | D:3      | Reached skill level 6 in Axes
  3252 | D:3      | Reached XP level 6. HP: 5/35 MP: 10/10
  3253 | D:3      | 3253 ||| READING scroll of teleportation.
  3678 | D:3      | 3678 ||| Stepping ~*~*~tactically~*~*~ (hiding).
  3690 | D:3      | Reached skill level 3 in Armour
  3954 | D:3      | Found a faded altar of an unknown god.
  4421 | D:3      | 4421 ||| Stepping ~*~*~tactically~*~*~ (stealth).
  4460 | D:3      | 4460 ||| UPGRADING to +0 kite shield.
  4465 | D:3      | 4465 ||| DROPPING amulet of faith.
  4466 | D:3      | 4466 ||| READING scroll labelled PARUISS ORAG.
  4467 | D:3      | 4467 ||| READING scroll labelled TUJ PEUGULIGELUI.
  4468 | D:3      | 4468 ||| READING scroll labelled CECUFO XOMUE.
  4468 | D:3      | Identified a scroll of acquirement
  4468 | D:3      | 4468 ||| ACQUIRING +1 cloak of the Prince of Darkness {Harm
                  | +Inv rF- rC++}
  4468 | D:3      | Acquired the +1 cloak of the Prince of Darkness {Harm +Inv
                  | rF- rC++}
  4470 | D:3      | 4470 ||| DRINKING 2 fizzy green potions.
  4471 | D:3      | 4471 ||| DRINKING 2 clear potions.
  4471 | D:3      | Gained mutation: Your muscles are strong. (Str +4, Int/Dex
                  | -1) [potion of mutation]
  4471 | D:3      | Gained mutation: You are partially covered in iridescent
                  | scales. (AC +2) [potion of mutation]
  4472 | D:3      | 4472 ||| READING 2 scrolls of identify.
  4472 | D:3      | 4472 ||| IDENTIFYING silvery potion
  4473 | D:3      | 4473 ||| DROPPING potion of invisibility.
  4619 | D:4      | 4619 ||| FLEEEEING.
  4620 | D:4      | 4620 ||| FLEEEEING.
  4621 | D:4      | 4621 ||| FLEEEEING.
  4623 | D:4      | 4623 ||| FLEEEEING.
  4624 | D:4      | 4624 ||| FLEEEEING.
  4625 | D:4      | 4625 ||| FLEEEEING.
  4628 | D:4      | 4628 ||| FLEEEEING.
  4629 | D:4      | 4629 ||| FLEEEEING.
  4630 | D:4      | 4630 ||| FLEEEEING.
  4631 | D:4      | 4631 ||| STAIRDANCE
  4678 | D:3      | 4678 ||| DRINKING 2 puce potions.
  4719 | D:3      | 4719 ||| DROPPING potion of lignification.
  4777 | D:4      | 4777 ||| Stepping ~*~*~tactically~*~*~ (hiding).
  4937 | D:4      | Reached XP level 7. HP: 32/40 MP: 11/11
  5030 | D:4      | Reached skill level 3 in Shields
  5237 | D:4      | 5237 ||| Stepping ~*~*~tactically~*~*~ (hiding).
  5360 | D:4      | Found a stormy altar of Qazlal.
  5630 | D:4      | 5630 ||| READING scroll labelled ASAPHILA MOLOSUIDGH.
  5671 | D:5      | Entered Level 5 of the Dungeon
  5686 | D:5      | 5686 ||| STAIRDANCE
  5797 | D:5      | Found a staircase to the Ecumenical Temple.
  5798 | D:5      | 5798 ||| PLANNING TEMPLE
  5802 | D:5      | 5802 ||| Stepping ~*~*~tactically~*~*~ (stealth).
  5808 | D:5      | 5808 ||| Stepping ~*~*~tactically~*~*~ (hiding).
  5811 | D:5      | 5811 ||| Stepping ~*~*~tactically~*~*~ (stealth).
  5816 | D:5      | Reached skill level 7 in Axes
  5822 | D:5      | HP: 3/40 [orc warrior/+0 trident (11)]
  5824 | D:5      | Reached skill level 3 in Fighting
  5826 | D:5      | Slain by an orc warrior

Levels and vault maps discovered:
D:1:      lightli_arrival_farm, layout_loops_ring, minmay_vboxes
D:2:      layout_loops_ring, minmay_tetromino_o2
D:3:      layout_basic, serial_corexii_hall, corexii_hall_statues_l,
          corexii_hall_statues_u, corexii_hall_statues_l,
          corexii_hall_statues_x, shapermc_ecumenical_altar_mp_urbaneastern,
          nrook_mini_backslash, kennysheep_generic_room_2
D:4:      layout_cave_pods, grunt_qazlal_clouds
D:5:      layout_loops_ring, general_overflow_altar,
          minmay_temple_entry_mini_moons, chequers_mini_garden, uniq_ijyb

Skill      XL: |  1  2  3  4  5  6  7 |
---------------+----------------------+-----
Axes           | 3 4 5 6 7 |  7.0
Armour         | 2 3 |  3.0
Shields        | 2 4 |  4.3
Fighting       | 3 |  3.0
Throwing       | |  1.0
Dodging        | |  2.1
Spellcasting   | |  2.0
Translocations | |  2.4

Action                   |  1- 3 |  4- 6 |  7- 9 || total
-------------------------+-------+-------+-------++-------
Melee: Hand axe          |    80 |   127 |    48 ||   255
       Kick              |    15 |    44 |    17 ||    76
       Peck              |    13 |    20 |     8 ||    41
       Punch             |       |     2 |       ||     2
Throw: Boomerang         |     7 |       |       ||     7
  Use: Scroll            |     8 |    10 |     1 ||    19
       Potion            |       |     3 |       ||     3
Armor: Leather armour    |    11 |       |       ||    11
       Ring mail         |     8 |     8 |       ||    16
       Plate armour      |       |    56 |    21 ||    77
Dodge: Dodged            |    41 |    44 |    10 ||    95
Block: Kite shield       |       |     6 |    18 ||    24

Table legend:
 A = Non-vault XP
 B = Vault XP
 C = Vault XP percentage of total XP
 D = Non-vault monster count
 E = Vault monster count
 F = Vault count percentage of total count
                 A         B        C        D         E       F
            +---------+---------+-------+---------+---------+-------
      Total |    1063 |      28 |   2.6 |      94 |      10 |   9.6
            +---------+---------+-------+---------+---------+-------
        D:1 |      42 |      13 |  23.6 |      23 |       7 |  23.3
        D:2 |     167 |       2 |   1.2 |      23 |       2 |   8.0
        D:3 |     232 |      13 |   5.3 |      21 |       1 |   4.5
        D:4 |     355 |       0 |   0.0 |      20 |       0 |   0.0
        D:5 |     267 |       0 |   0.0 |       7 |       0 |   0.0
            +---------+---------+-------+---------+---------+-------
